 Dungeon Crawl Stone Soup version 0.26-a0-695-g987792ac36 (webtiles) character file.

Game seed: 3293057780689945755

58 sahdkjhfkaj the Sneak (level 3, -4/36 HPs)
             Began as a Troll Delver on Oct 25, 2020.
             Slain by a steam dragon (6 damage)
             ... on level 5 of the Dungeon.
             The game lasted 00:00:14 (390 turns).

sahdkjhfkaj the Sneak (Troll Delver)                 Turns: 390, Time: 00:00:14

Health: -4/36      AC:  6    Str: 21    XL:     3   Next: 76%
Magic:  2/2        EV: 10    Int:  6    God:
Gold:   15         SH:  0    Dex: 11    Spells: 2/2 levels left

rFire    . . .     SeeInvis .     - Unarmed
rCold    . . .     Faith    .   (no shield)
rNeg     . . .     Spirit   .   a - +0 robe
rPois    .         Reflect  .   (helmet restricted)
rElec    .         Harm     .   (no cloak)
rCorr    .         Rampage  .   (gloves unavailable)
MR       .....                  (boots unavailable)
Stlth    ++........             (no amulet)
HPRegen  0.52/turn              (no ring)
MPRegen  0.08/turn              (no ring)

@: no status effects
A: large, unfitting armour, claws 3, regeneration 1, shaggy fur 1, tough skin 3
a: no special abilities


You were on level 5 of the Dungeon.
You visited 1 branch of the dungeon, and saw 1 of its levels.

You collected 15 gold pieces.

Inventory:

Armour
 a - a +0 robe (worn)
Wands
 f - a wand of digging (3)
Scrolls
 b - a scroll of fog {!r}
 c - a scroll of magic mapping {!r}
 d - a scroll of fear {!r}
 g - a scroll of remove curse {!r, unknown}
 h - a scroll of identify {!r, unknown}
Potions
 e - a potion of haste {!q}


   Skills:
 + Level 2.7 Fighting
 + Level 1.7 Dodging
 + Level 3.4 Stealth
 + Level 2.2 Unarmed Combat


You had 2 spell levels left.
You didn't know any spells.
Your spell library was empty.

Dungeon Overview and Level Annotations

Branches:
Dungeon (5/15)
 Temple: D:4-7

Altars:


Innate Abilities, Weirdness & Mutations

You are too large for most types of armour.
You have claws for hands.
Your natural rate of healing is unusually fast.
You are covered in fur. (AC +1)
You have extremely tough skin. (AC +3)


Message History

The fungus is engulfed in a cloud of scalding steam.
A nearby fungus withers and dies.
The fungus is engulfed in a cloud of scalding steam.
The fungus begins to die.
The steam dragon bites you but does no damage.
The steam dragon closely misses you. The steam dragon misses you.
The steam dragon claws you but does no damage.
You scratch the steam dragon.
The steam dragon is lightly wounded.
The steam dragon bites you!
* * * LOW HITPOINT WARNING * * *
The steam dragon claws you but does no damage.
The steam dragon bites you.
* * * LOW HITPOINT WARNING * * *
The steam dragon claws you.
* * * LOW HITPOINT WARNING * * *
You closely miss the steam dragon. Your claw misses the steam dragon.
The steam dragon is lightly wounded.
The steam dragon barely misses you. The steam dragon claws you.
You die...

#.....####.########
########.>..............#
............####.######.#
################......# ###
#≈≈P######.# ≈.######## #≈P^P≈
#.# .≈P≈P≈.P.#########≈....P
#.# .........PPP.≈≈≈..≈.....
#.# P..P.P.≈≈.......@D......
#.# .P..≈#######.P.^PD^....≈
#.# P.≈###.....#######≈.P..≈
#.# #### #..........####..##
#.#
######.########.#.###########.#
....[#.#......................#
####.#.#.######.###############
# #.#.#......#........
####.#.######.#########


You could see 2 steam dragons.

Vanquished Creatures
  A hound (D:5)
  A centaur skeleton (D:5)
  An adder zombie (D:5)
3 creatures vanquished.

Vanquished Creatures (others)
  2 fungi (D:5)
2 creatures vanquished.

Grand Total: 5 creatures vanquished

Notes
Turn   | Place    | Note
-------+----------+-------------------------------------------
     0 | D:5      | sahdkjhfkaj the Troll Delver began the quest for the Orb.
     0 | D:5      | Reached XP level 1. HP: 22/22 MP: 0/0
   153 | D:5      | Noticed a hound
   161 | D:5      | Killed a hound
   161 | D:5      | Reached skill level 3 in Stealth
   161 | D:5      | Reached XP level 2. HP: 13/29 MP: 1/1
   312 | D:5      | Reached XP level 3. HP: 36/36 MP: 2/2
   382 | D:5      | Noticed a steam dragon
   383 | D:5      | Noticed a steam dragon
   390 | D:5      | Slain by a steam dragon

Illustrated notes

Levels and vault maps discovered:
D:5:      kennysheep_steamy, layout_basic

Skill      XL: |  1 |
---------------+----+-----
Stealth        | 3 |  3.4
Fighting       | |  2.7
Dodging        | |  1.7
Unarmed Combat | |  2.2

Action                   || total
-------------------------++-------
Melee: Unarmed           ||    21
 Stab: Sleeping          ||     2
Armor: Robe              ||     8
Dodge: Dodged            ||    11

Table legend: (Time is in decaauts)
 A = Elapsed time spent in this place.
 B = Non-inter-level travel time spent in this place.
 C = Inter-level travel time spent in this place.
 D = Time resting spent in this place.
 E = Time spent auto-exploring this place.
 F = Levels seen in this place.
 G = Mean time per level.
                   A        B        C        D        E       F      G
               +--------+--------+--------+--------+--------+-----+--------+
         Total |    389 |    389 |      0 |    131 |    224 |   1 |  389.0 |
       Dungeon |    389 |    389 |      0 |    131 |    224 |   1 |  389.0 |
               +--------+--------+--------+--------+--------+-----+--------+

Top non-repeatable levels by time:
     D:5: 389 daAuts
